[Event "Early-Titled-Tuesday-Blitz-April-16-2024"]
[Site "Chess.com"]
[Date "2024.04.16"]
[Round "10"]
[White "dvglko"]
[Black "SharapovEvgeny"]
[Result "1-0"]
[WhiteElo "2514"]
[BlackElo "2649"]
[TimeControl "180+1"]
[EndTime "9:59:47 PDT"]
[Termination "dvglko won by checkmate"]

1. e4 c5 2. Nf3 d6 3. Bb5+ Nd7 4. O-O Nf6 5. Re1 e5 6. c3 Be7 7. d4 Qc7 8. dxe5 dxe5 9. Nh4 O-O 10. Nf5 Re8 11. Qf3 Bf8 12. Bg5 Re6 13. Bc4 Rb6 14. Nd2 g6 15. Nh6+ Bxh6 16. Bxh6 Nf8 17. a4 Bg4 18.
Qg3 Be6 19. Bxe6 Rxe6 20. Nc4 Rd8 21. Rad1 Rxd1 22. Rxd1 Nxe4 23. Qd3 Nf6 24. Qd8 Qxd8 25. Rxd8 Re8 26. Rxe8 Nxe8 27. Nxe5 f6 28. Bxf8 Kxf8 29.
Nd7+ Ke7 30. Nxc5 b6 31. Nd3 Kd6 32. f3 Kd5 33. b3 Nd6 34. Kf2 Nb7 35. Ke3 Na5 36. Nc1 f5 37. Kd3 g5 38. c4+ Ke5 39.
b4 Nc6 40. Kc3 Kf4 41. b5 Na5 42. Kd4 Nb7 43. Nd3# 1-0

[Event "Early-Titled-Tuesday-Blitz-April-16-2024"]
[Site "Chess.com"]
[Date "2024.04.16"]
[Round "10"]
[White "mapleaff"]
[Black "Alenzer"]
[Result "0-1"]
[WhiteElo "2249"]
[BlackElo "2211"]
[TimeControl "180+1"]
[EndTime "9:59:47 PDT"]
[Termination "Alenzer won on time"]

1. d4 d5 2. Bf4 c5 3. e3 Nc6 4.
Nf3 Nf6 5. Nbd2 Qb6 6. dxc5 Qxc5 7. Nb3 Qb6 8. c3 Bf5 9. Be2 e6 10. h3 Be7 11. O-O O-O 12. Nh4 Be4 13. f3 Bg6 14. Nxg6 hxg6 15. Qd2 a5 16. Bg5 a4 17. Nd4 e5 18. Nxc6 bxc6 19. Rae1 Bc5 20. Bd1 Nh5 21. Kh2 f6 22. Bh4 g5 23. Bf2 g6 24. b4 axb3 25. axb3 Ng7 26. b4 Be7 27. Bc2 f5 28. e4 Qc7 29.
exd5 e4+ 30. Kg1 exf3 31. gxf3 cxd5 32. Qxd5+ Kh7 33. Qe5 Bd6 34. Qe3 Rae8 35. Qxg5 Bf4 36. Qh4+ Nh5 37. Bd4 Rxe1 38. Rxe1 Bg3 0-1

[Event "Early-Titled-Tuesday-Blitz-April-16-2024"]
[Site "Chess.com"]
[Date "2024.04.16"]
[Round "10"]
[White "Polish_fighter3000"]
[Black "Mops_2004"]
[Result "1-0"]
[WhiteElo "3130"]
[BlackElo "2802"]
[TimeControl "180+1"]
[EndTime "9:59:52 PDT"]
[Termination "Polish_fighter3000 won on time"]

1. b4 c6 2. Bb2 Qb6 3. a3 a5 4. c4 axb4 5. c5 Qc7 6. axb4 Rxa1 7.
Bxa1 Na6 8. Qa4 Nf6 9. Bxf6 exf6 10. e3 b5 11. Qa3 d6 12. d4 dxc5 13. bxc5 Be7 14.
Ne2 O-O 15. Nd2 Bb7 16. g3 Ra8 17. Qb2 f5 18. Bg2 Bf6 19. Qb3 Nxc5 20. Qb1 Ra1 21. Qxa1 Nd3+ 22. Kf1 c5 23. Qb1 Bxg2+ 24. Kxg2 Qc6+ 25.
f3 c4 26. Nf4 Nxf4+ 27. gxf4 c3 28. Rc1 Be7 29. Qxf5 Ba3 30. Rc2 b4 31. Nb3 g6 32.
Qd3 Qa4 33. Qc4 Kg7 34. d5 Qd7 35. Qd4+ Kg8 36. d6 Qf5 37. d7 Qxc2+ 38. Kg3 1-0

[Event "Early-Titled-Tuesday-Blitz-April-16-2024"]
[Site "Chess.com"]
[Date "2024.04.16"]
[Round "10"]
[White "Szparu"]
[Black "frederiksvane"]
[Result "1-0"]
[WhiteElo "2891"]
[BlackElo "3062"]
[TimeControl "180+1"]
[EndTime "9:59:53 PDT"]
[Termination "Szparu won by resignation"]

1. e4 c5 2. c3 d5 3. exd5 Qxd5 4. d4 e6 5. Nf3 Nf6 6. Na3 Nc6 7. Be3 cxd4 8. Nb5 Qd7 9. Nbxd4 Be7 10. Bd3 Nd5 11.
Bd2 O-O 12. Nxc6 Qxc6 13. Qc2 h6 14. O-O-O b5 15. Ne5 Qc7 16. Rhe1 Rb8 17. f4 a5 18. Kb1 Bb7 19. Bxb5 Rfc8 20. Rc1 Ba8 21. a4 Rd8 22. f5 Bf6 23. Ng4 e5 24. c4 Nf4 25. Nxf6+ gxf6 26. Bxf4 exf4 27. c5 Bd5 28. c6 Re8 29. Qc5 Bxg2 30. Qd4 f3 31. Qd7 Qxd7 32. cxd7 Red8 33. Re8+ Kg7 34.
Rxd8 Rxd8 35. Rc8 Rxd7 36. Bxd7 f2 37. Bb5 f1=Q+ 38. Bxf1 Bxf1 39. Rc5 h5 40. h4 Kh6 41.
Rxa5 Bd3+ 42. Kc1 Be4 43. Rc5 Bb7 44. Kd2 Ba6 45. Ke3 Bc8 46. Kf4 Kg7 47. a5 Kh6 48.
Rxc8 Kg7 49. Rc5 1-0

[Event "Early-Titled-Tuesday-Blitz-April-16-2024"]
[Site "Chess.com"]
[Date "2024.04.16"]
[Round "10"]
[White "DvaHrasta"]
[Black "AlessiaSanteramo"]
[Result "0-1"]
[WhiteElo "2457"]
[BlackElo "2353"]
[TimeControl "180+1"]
[EndTime "9:59:55 PDT"]
[Termination "AlessiaSanteramo won on time"]

1. c4 e5 2. g3 Nc6 3. Bg2 Bc5 4. Nc3 d6 5. Nf3 Nge7 6. e3 O-O 7. d4 Bb6 8. O-O Bg4 9. d5 Nb8 10. h3 Bh5 11. g4 Bg6 12. e4 Nd7 13. Bg5 h5 14.
Nh4 f6 15. gxh5 fxg5 16. Nxg6 Nxg6 17. hxg6 Qf6 18. Qh5 Rfe8 19. h4 gxh4 20. Bh3 Nf8 21.
Bf5 c6 22. Kg2 Bd8 23. dxc6 bxc6 24. Rad1 Be7 25. Rh1 Red8 26. Kf3 Qg5 27. Qxg5 Bxg5 28. Kg4 Be7 29. Rd3 Nd7 30. Be6+ Kf8 31. Bf7 Nf6+ 32.
Kf5 Ng8 33. Kg4 Nh6+ 34. Kh5 Nxf7 35. gxf7 Kxf7 36. Rf3+ Ke6 37. Rg1 Rh8+ 38. Kg4 Raf8 39. Rf5 h3 40. Rh1 Rh4+ 41. Kg3 Rfh8 42. Rh2 g6 43. Rf3 Bg5 44. Ne2 Rxe4 45. Ng1 Bf4+ 46. Rxf4 exf4+ 47. Kg4 Rxc4 48. Nf3 c5 49. Rh1 Rc2 50.
Re1+ Kd7 51. Rd1 Rxf2 52. Ne5+ Kc7 53. Nxg6 Rg2+ 54. Kf5 Rh5+ 55. Kf6 Rh6 0-1

[Event "Early-Titled-Tuesday-Blitz-April-16-2024"]
[Site "Chess.com"]
[Date "2024.04.16"]
[Round "10"]
[White "RedFirePanda"]
[Black "AlainBruxelles"]
[Result "1-0"]
[WhiteElo "2480"]
[BlackElo "2349"]
[TimeControl "180+1"]
[EndTime "9:59:56 PDT"]
[Termination "RedFirePanda won by resignation"]

1. d4 Nf6 2. Bf4 d5 3. e3 e6 4. Nd2 Bd6 5. Bg3 c5 6. c3 Nc6 7.
Ngf3 Bxg3 8. hxg3 Qb6 9. Qb3 Qxb3 10. Nxb3 cxd4 11. exd4 O-O 12. Bd3 Ne4 13. Bxe4 dxe4 14. Ng5 e5 15. d5 Ne7 16. O-O-O Bf5 17. Nc5 Rfd8 18. Nxb7 Rxd5 19. Rxd5 Nxd5 20. Nd6 Bg6 21. Ngxe4 Rd8 22. Rd1 Nb6 23. b3 f5 24. Nc5 Bh5 25.
Rd2 e4 26. c4 Bg6 27. Ne6 Rd7 28. c5 Na8 29. b4 a6 30. a4 Nc7 31. c6 Re7 32.
Nxc7 Rxc7 33. b5 Kf8 34. Kb2 Ke7 35. Nc4 Bf7 36. Ne5 Be6 37. b6 Rc8 38. c7 Kf6 39. b7 Rxc7 40. b8=Q Rc5 41. Nd7+ Bxd7 42. Rxd7 1-0

[Event "Early-Titled-Tuesday-Blitz-April-16-2024"]
[Site "Chess.com"]
[Date "2024.04.16"]
[Round "10"]
[White "artin10862"]
[Black "tsaruk_maks"]
[Result "1-0"]
[WhiteElo "2931"]
[BlackElo "2725"]
[TimeControl "180+1"]
[EndTime "9:59:57 PDT"]
[Termination "artin10862 won by resignation"]

1. c4 e5 2. Nc3 Nf6 3. Nf3 Nc6 4.
e3 Bb4 5. Qc2 Bxc3 6. Qxc3 Qe7 7.
a3 a5 8. d3 O-O 9. b3 d5 10.
cxd5 Nxd5 11. Qc2 Bg4 12. Be2 Rad8 13. O-O Kh8 14. Bb2 Rd7 15. h3 Bxf3 16. Bxf3 Rfd8 17.
Rac1 Qe6 18. Rfd1 f5 19. Qc4 Nce7 20. e4 fxe4 21. dxe4 Nf4 22. Qxe6 Nxe6 23. Bxe5 Rxd1+ 24. Rxd1 Rxd1+ 25. Bxd1 Nc6 26. Bc3 Kg8 27. g3 Kf7 28. f4 g6 29. Kf2 b5 30. Ke3 b4 31. axb4 axb4 32. Bb2 Na5 33. Be5 c5 34. Kd3 c4+ 35. bxc4 Nc5+ 36. Kd4 Ne6+ 37. Kd5 b3 38. c5 h5 39. c6 Nf8 40. c7 Nd7 41. Bd4 b2 42. Bc2 Nb3 43. c8=Q 1-0

[Event "Early-Titled-Tuesday-Blitz-April-16-2024"]
[Site "Chess.com"]
[Date "2024.04.16"]
[Round "10"]
[White "Flaccidmoves"]
[Black "Shuvalov"]
[Result "1-0"]
[WhiteElo "2426"]
[BlackElo "2600"]
[TimeControl "180+1"]
[EndTime "9:59:57 PDT"]
[Termination "Flaccidmoves won by checkmate"]

1. Nf3 Nf6 2. d4 g6 3. Bg5 Bg7 4. Nbd2 c5 5. c3 cxd4 6. cxd4 d5 7. e3 O-O 8. Be2 Bf5 9. O-O Nc6 10. Nb3 Ne4 11. Bh4 a5 12. Rc1 a4 13. Nc5 Nxc5 14.
Rxc5 Ra5 15. Rxa5 Qxa5 16. Qd2 Qb6 17. Rc1 e6 18. h3 h5 19. Ne1 Ra8 20. g4 hxg4 21.
hxg4 Be4 22. f3 Nxd4 23. fxe4 Nxe2+ 24. Qxe2 dxe4 25. Rc2 Bh6 26. Ng2 Bg7 27. Qc4 Bxb2 28. Qxe4 a3 29. Nf4 Bg7 30. Kg2 Qd6 31. Qxb7 Rf8 32. Qe4 Qd1 33. Ne2 Rb8 34. Bg3 Rb1 35. Kh3 Qf1+ 36. Qg2 Qd1 37. Nd4 Kh7 38. Nf3 Rb2 39.
Ng5+ Kg8 40. Rc8+ Bf8 41. Rxf8+ Kxf8 42. Qa8+ Ke7 43. Qxa3+ Ke8 44. Qxb2 Qh1+ 45. Qh2 Qf1+ 46. Qg2 Qa1 47. Qf3 Qxa2 48. Qxf7+ Kd8 49. Nxe6+ Kc8 50.
Qc7# 1-0

[Event "Early-Titled-Tuesday-Blitz-April-16-2024"]
[Site "Chess.com"]
[Date "2024.04.16"]
[Round "10"]
[White "TenisMaster"]
[Black "mishanick"]
[Result "1-0"]
[WhiteElo "2940"]
[BlackElo "3045"]
[TimeControl "180+1"]
[EndTime "9:59:59 PDT"]
[Termination "TenisMaster won by checkmate"]

1. e4 c5 2. Nf3 d6 3. d4 cxd4 4. Nxd4 Nf6 5. Nc3 a6 6. Be3 e5 7. Nb3 Be6 8. f3 Nbd7 9. Qd2 Be7 10. g4 b5 11. O-O-O b4 12. Nd5 Bxd5 13. exd5 Nb6 14. Bxb6 Qxb6 15. Kb1 a5 16. Nc1 O-O 17. h4 a4 18. h5 a3 19. b3 h6 20. Bc4 Nd7 21. Nd3 Rab8 22. Nf2 Bg5 23. Qe2 Nc5 24. Ne4 Nxe4 25.
Qxe4 Rfc8 26. Rhe1 Rc7 27. Re2 Rbc8 28. Bd3 Kf8 29. Rf1 Bf4 30. Rfe1 Rc3 31. Rd1 Qc5 32. Bc4 Kg8 33. Rde1 Kf8 34. Rd1 Kg8 35. Rde1 Qc7 36.
Rd1 Kf8 37. Rde1 Qa7 38. Bd3 Qc5 39. Bc4 Kg8 40. Rd1 Qc7 41. Rde1 Qd8 42. Bd3 Rb8 43. Qh7+ Kf8 44. Re4 Bg3 45. Rg1 Bf2 46. Rf1 Ba7 47. f4 Rxd3 48. cxd3 Qf6 49. Rc4 e4 50. Qh8+ Ke7 51.
Rc7# 1-0

[Event "Early-Titled-Tuesday-Blitz-April-16-2024"]
[Site "Chess.com"]
[Date "2024.04.16"]
[Round "10"]
[White "DominguezOnYoutube"]
[Black "Aygehovit1992"]
[Result "0-1"]
[WhiteElo "2930"]
[BlackElo "2772"]
[TimeControl "180+1"]
[EndTime "9:59:59 PDT"]
[Termination "Aygehovit1992 won by checkmate"]

1. e4 c5 2. Nf3 e6 3. d4 cxd4 4. Nxd4 Nc6 5. Nc3 Qc7 6. Be2 a6 7. Nxc6 bxc6 8. Qd3 Nf6 9. Qg3 e5 10. f4 d6 11. O-O h5 12. fxe5 dxe5 13. Bg5 Bc5+ 14.
Kh1 Ng4 15. h3 Be6 16. Rad1 f6 17. Bc1 Kf7 18. Na4 Ba7 19. b3 Qa5 20. Nb2 Qxa2 21. Bc4 Bxc4 22. Nxc4 Qxc2 23. Rd2 Qb1 24. Rd7+ Ke6 25.
Rfd1 Qxe4 26. R1d6+ Kf5 27. Rxg7 Nf2+ 28. Kh2 Ng4+ 29. Kh1 Qe2 30. Qf3+ Qxf3 31. gxf3 Nf2+ 32. Kg2 Rhg8 33. Rd7 Rxg7+ 34. Rxg7 Nd3 35. Bd2 Nf4+ 36. Kh2 Bd4 37. Rc7 Rg8 38. Rxc6 Rg2+ 39. Kh1 Rg1+ 40. Kh2 Rg2+ 41. Kh1 Rg3 42. Nd6+ Kg6 43. Ne4 Rxh3# 0-1

[Event "Early-Titled-Tuesday-Blitz-April-16-2024"]
[Site "Chess.com"]
[Date "2024.04.16"]
[Round "10"]
[White "AlmasRakhmatullaev"]
[Black "GothamChess"]
[Result "1-0"]
[WhiteElo "2877"]
[BlackElo "2668"]
[TimeControl "180+1"]
[EndTime "10:00:00 PDT"]
[Termination "AlmasRakhmatullaev won by checkmate"]

1. e4 d5 2. exd5 Qxd5 3. Nc3 Qa5 4. d4 Nf6 5. Bd2 Bf5 6. Bc4 e6 7. Nf3 Bb4 8. O-O Nc6 9. a3 Bxc3 10. Bxc3 Qb6 11.
Re1 O-O 12. Ne5 Rad8 13. Nxc6 Qxc6 14. Qe2 Ne4 15. Bb4 Nd6 16. Bb3 Rfe8 17. c4 Bg6 18.
Rad1 b6 19. f3 a5 20. Bc3 a4 21. Ba2 h6 22. Kh1 Kh7 23. Rc1 Nf5 24. Qf2 Qb7 25. Bb1 Ne7 26. Bxg6+ Nxg6 27. Re4 b5 28. cxb5 Qxb5 29. Bb4 Rd7 30. h4 Ne7 31. Qc2 Kg8 32.
Re5 Qb7 33. Qxa4 Red8 34. Bxe7 Qxb2 35. Rc2 Qa1+ 36. Kh2 Rxe7 37. Re4 Red7 38. Qa7 Rxd4 39.
Qxc7 Rd1 40. Qe5 Rh1+ 41. Kg3 Qg1 42. Kg4 f5+ 43. Kh5 fxe4 44. Kg6 Rh2 45. Qxg7# 1-0

[Event "Early-Titled-Tuesday-Blitz-April-16-2024"]
[Site "Chess.com"]
[Date "2024.04.16"]
[Round "10"]
[White "GMCarbone"]
[Black "KVAIDAN"]
[Result "0-1"]
[WhiteElo "2570"]
[BlackElo "2377"]
[TimeControl "180+1"]
[EndTime "10:00:00 PDT"]
[Termination "KVAIDAN won by checkmate"]

1. d4 e6 2. c4 f5 3. g3 Nf6 4.
Bg2 Be7 5. Nf3 d6 6. O-O O-O 7. Nc3 a5 8. Qc2 Nc6 9. b3 e5 10. dxe5 dxe5 11. Rd1 Qe8 12. Nb5 Bd8 13. Bb2 e4 14.
Nfd4 Nxd4 15. Bxd4 Ng4 16. Qb2 Qg6 17. f3 Nf6 18.
Be5 c6 19. Nd6 exf3 20. exf3 Bb6+ 21. Kh1 Nh5 22. Nxc8 Raxc8 23. Rd7 f4 24. Rd6 Nxg3+ 25. hxg3 Qh5+ 26. Bh3 Qxh3+ 27. Qh2 Qxg3 28. Qxg3 fxg3 29.
Rd7 Rf7 30. Rad1 Bf2 31. Kg2 b5 32. Rd8+ Rf8 33. Rxc8 Rxc8 34. Rd7 Re8 35. Rxg7+ Kf8 36. Rg5 Kf7 37. f4 bxc4 38. bxc4 h6 39. Rg7+ Ke6 40.
Rc7 h5 41. Rxc6+ Kf5 42. Rf6+ Ke4 43. Rd6 h4 44. Rd4+ Kf5 45. Rd6 h3+ 46. Kxh3 Be1 47. Kg2 Re7 48. Rd5 Ke4 49. Rb5 Rd7 50. c5 Rd2+ 51.
Kh3 Rh2+ 52. Kg4 g2 53. Rb1 g1=Q# 0-1

[Event "Early-Titled-Tuesday-Blitz-April-16-2024"]
[Site "Chess.com"]
[Date "2024.04.16"]
[Round "10"]
[White "Nikolakis2014"]
[Black "Stanbad1"]
[Result "1/2-1/2"]
[WhiteElo "2726"]
[BlackElo "2598"]
[TimeControl "180+1"]
[EndTime "10:00:01 PDT"]
[Termination "Game drawn by repetition"]

1. Nf3 Nf6 2. c4 g6 3. Nc3 Bg7 4. e4 d6 5. d4 O-O 6. Be2 e5 7. Be3 Ng4 8. Bg5 f6 9. Bh4 Nc6 10. d5 Ne7 11. Nd2 f5 12. Bxg4 fxg4 13. Bg5 h6 14.
Be3 g5 15. c5 Ng6 16. O-O Nf4 17. Nc4 b6 18. cxd6 cxd6 19. a4 Ba6 20. Nb5 Rc8 21.
Ncxd6 Bxb5 22. Nxb5 Rc4 23. d6 Rxe4 24. Bxf4 Rexf4 25.
Qd5+ Kh8 26. Rad1 Qd7 27. Nc7 R8f6 28. Qb5 Rf7 29. g3 Rxa4 30. Qd5 Ra5 31. Qa8+ Kh7 32. Qe4+ Kh8 33. Rd3 Rc5 34. Rfd1 Rc2 35. R3d2 Rxd2 36. Rxd2 Rf6 37. Qa8+ Rf8 38. Qd5 Rf6 39. b4 e4 40.
b5 e3 41. fxe3 h5 42. Qxg5 Rxd6 43. Qxh5+ Kg8 44. Rxd6 Qxd6 45. Qd5+ Qxd5 46. Nxd5 Kf7 47. e4 Ke6 48. Kf2 Bd4+ 49. Ke2 Bg1 50. Nf4+ Ke5 51. Kd3 Kf6 52. Ne2 Bc5 53. Nc3 Ke5 54. Ne2 Bf2 55.
Nf4 Bg1 56. Ne2 Bf2 57. Nc3 Bg1 58. Ne2 Bf2 1/2-1/2

[Event "Early-Titled-Tuesday-Blitz-April-16-2024"]
[Site "Chess.com"]
[Date "2024.04.16"]
[Round "10"]
[White "Hercog"]
[Black "ccccvhhhj"]
[Result "1-0"]
[WhiteElo "2180"]
[BlackElo "2433"]
[TimeControl "180+1"]
[EndTime "10:00:01 PDT"]
[Termination "Hercog won on time"]

1. d4 e5 2. dxe5 d6 3. Nf3 Bg4 4. Bf4 Nc6 5. exd6 Qf6 6. d7+ Bxd7 7. Bc1 O-O-O 8. e3 Nh6 9. Nbd2 Bc5 10. Be2 Ng4 11.
Ne4 Qf5 12. Nxc5 Qxc5 13. O-O h5 14. Bd2 f6 15. c3 g5 16. b4 Qe7 17. Qc2 Nge5 18.
Rfd1 g4 19. Nd4 Rdg8 20. b5 Nd8 21. e4 h4 22. Bf4 g3 23. fxg3 hxg3 24. Bxg3 Qc5 25.
Rf1 Ne6 26. Rad1 Nxd4 27. Rxd4 Bxb5 28. Bxb5 Qxb5 29. Rxf6 Rxg3 30. hxg3 Ng4 31. Rf4 Qh5 32. Rxg4 Qxg4 33. Qf2 Qg7 34. Qf5+ Kb8 35. g4 a6 36. g5 Re8 37. g6 Rg8 38. Rd7 Qxg6 39. Rd8+ Ka7 40. Qc5+ 1-0

[Event "Early-Titled-Tuesday-Blitz-April-16-2024"]
[Site "Chess.com"]
[Date "2024.04.16"]
[Round "10"]
[White "SpeedofLight0"]
[Black "David_Arutinian"]
[Result "1-0"]
[WhiteElo "3070"]
[BlackElo "2840"]
[TimeControl "180+1"]
[EndTime "10:00:02 PDT"]
[Termination "SpeedofLight0 won on time"]

1. d4 Nf6 2. Nc3 d5 3. Bf4 a6 4. e3 e6 5. g4 c5 6. g5 Nfd7 7.
h4 Nc6 8. Nf3 cxd4 9. exd4 Bb4 10. Bh3 Qa5 11. Qd3 Nb6 12. O-O Nc4 13. Nd1 Bd6 14. Bxd6 Nxd6 15. c3 O-O 16. Ne5 Nxe5 17. dxe5 Nc4 18. Re1 Bd7 19. b3 Na3 20. Ne3 Rac8 21.
Rac1 Rfd8 22. Ng4 Nb5 23. c4 dxc4 24. bxc4 Be8 25. Qg3 Nd4 26. Nf6+ Kh8 27. h5 Bc6 28. Ne4 Qxe5 29. Bg2 Qxg3 30. fxg3 h6 31. g6 fxg6 32. hxg6 Be8 33. c5 Bxg6 34. Nd6 Rxd6 35. cxd6 Ne2+ 36. Rxe2 Rxc1+ 37. Kf2 Rd1 38. Rxe6 Bf7 39. Re7 Kg8 40. Rd7 g5 41. Bxb7 a5 42. Ke3 Kf8 43.
Bf3 Re1+ 44. Kd4 Bxa2 45. Ra7 Bf7 46. Bc6 Rd1+ 47. Ke5 Re1+ 48. Kd4 Rd1+ 49. Kc5 a4 50. Ra8+ Kg7 51. d7 a3 52. d8=Q Rxd8 53. Rxd8 a2 54.
Ra8 h5 55. Bd5 1-0

[Event "Early-Titled-Tuesday-Blitz-April-16-2024"]
[Site "Chess.com"]
[Date "2024.04.16"]
[Round "10"]
[White "tetrix83"]
[Black "Kobalia"]
[Result "1/2-1/2"]
[WhiteElo "2648"]
[BlackElo "2820"]
[TimeControl "180+1"]
[EndTime "10:00:02 PDT"]
[Termination "Game drawn by repetition"]

1. Nf3 d5 2. g3 c6 3. Bg2 Bg4 4. c4 e6 5. O-O Nf6 6. Qb3 Qb6 7.
d3 Nbd7 8. Qc2 Be7 9. Be3 Bc5 10.
Bxc5 Qxc5 11. Rc1 O-O 12. cxd5 Qxc2 13. Rxc2 exd5 14. Nbd2 Rfe8 15. Kf1 Ne5 16. Rac1 Nxf3 17. Nxf3 a5 18. h3 Bxf3 19. Bxf3 Kf8 20. Rc3 Nd7 21.
Rb3 Ra7 22. d4 g6 23. e3 h5 24. g4 hxg4 25. hxg4 Ke7 26. Kg2 Nf8 27. Kg3 Ne6 28.
Rb6 Kd6 29. Rh1 a4 30. Rc1 Kc7 31. Rb4 Kd6 32. Rb6 Ng5 33. Bg2 Ne4+ 34. Bxe4 Rxe4 35. Rh1 Re8 36. Rh7 Re7 37. g5 Kc7 38. Rb4 b5 39.
Kf4 a3 40. bxa3 Rxa3 41. Rb2 Kd6 42. Rh8 Raa7 43. Rc2 Rec7 44. Rd8+ Rd7 45. Rc8 Rdc7 46. Rd8+ Rd7 47. Rc8 Rdc7 48. Rd8+ 1/2-1/2

[Event "Early-Titled-Tuesday-Blitz-April-16-2024"]
[Site "Chess.com"]
[Date "2024.04.16"]
[Round "10"]
[White "Caroexpert"]
[Black "chess_blitz00"]
[Result "1-0"]
[WhiteElo "2668"]
[BlackElo "2508"]
[TimeControl "180+1"]
[EndTime "10:00:02 PDT"]
[Termination "Caroexpert won by checkmate"]

1. d4 d6 2. Nf3 Bf5 3. Nbd2 Nf6 4. c4 c5 5. d5 h6 6. g3 g5 7. Bg2 Bg7 8. O-O Bg6 9. Re1 O-O 10. e4 Nbd7 11. h3 Ne5 12. Qe2 Nfd7 13. Nh2 f5 14. f4 Nf7 15. exf5 Bxf5 16. g4 Bh7 17. Qxe7 gxf4 18.
Qxd8 Raxd8 19. Ne4 Nde5 20. Bxf4 Nd3 21. Rf1 Bxb2 22. Rab1 Bd4+ 23. Kh1 Bxe4 24. Bxe4 Nf2+ 25. Rxf2 Bxf2 26. Rxb7 Bd4 27. Bf5 Be5 28. Be3 Rb8 29. Rxa7 Ra8 30. Rd7 Rfd8 31. Rc7 Ng5 32. Bxg5 hxg5 33.
Nf3 Bf4 34. h4 Rxa2 35. Be6+ Kh8 36. hxg5 Rb8 37. g6 Rb1+ 38. Ng1 Be5 39. Rh7# 1-0

[Event "Early-Titled-Tuesday-Blitz-April-16-2024"]
[Site "Chess.com"]
[Date "2024.04.16"]
[Round "10"]
[White "ATM622"]
[Black "JJDAREK"]
[Result "0-1"]
[WhiteElo "2427"]
[BlackElo "2327"]
[TimeControl "180+1"]
[EndTime "10:00:03 PDT"]
[Termination "JJDAREK won by resignation"]

1. d4 d6 2. c4 e5 3. dxe5 dxe5 4.
Qxd8+ Kxd8 5. Nc3 Be6 6. e4 Bc5 7. Nf3 f6 8. a3 a5 9. Bd2 c6 10. Na4 Nd7 11. O-O-O Kc7 12. Be1 Be7 13. h3 Nh6 14. g4 Nf7 15. Kc2 h5 16. Rg1 hxg4 17.
hxg4 g5 18. Bc3 Nc5 19. Nxc5 Bxc5 20. Be1 a4 21. Be2 Nd6 22. Nd2 Rh2 23. Rf1 Rah8 24.
Kc3 R8h3+ 25. Kc2 Rg2 26. Bf3 Rxf3 27. Nxf3 Bxg4 28. Rd3 Nxe4 29. b4 axb3+ 30. Kxb3 Nd6 31. Rc3 e4 32. Nd2 Be6 33. Nb1 Nxc4 34. Rxc4 b5 35. Ba5+ Kb7 36. Rd1 Bxc4+ 37. Kc3 Rxf2 38. Rd7+ Ka6 39.
Bd8 Rf3+ 40. Kb2 e3 41. Be7 Bxe7 42. Rxe7 e2 43. Nc3 g4 44. Kc2 g3 45. Kd2 g2 46.
Rg7 Rf1 47. Nxe2 Bxe2 48. Kxe2 g1=Q 49. Rxg1 Rxg1 0-1

[Event "Early-Titled-Tuesday-Blitz-April-16-2024"]
[Site "Chess.com"]
[Date "2024.04.16"]
[Round "10"]
[White "Predator0608"]
[Black "ValentunHulka"]
[Result "1-0"]
[WhiteElo "2589"]
[BlackElo "2776"]
[TimeControl "180+1"]
[EndTime "10:00:09 PDT"]
[Termination "Predator0608 won by resignation"]

1. e4 c5 2. Nf3 Nc6 3. d4 cxd4 4. Nxd4 Nf6 5. Nc3 e5 6. Ndb5 d6 7. Bg5 a6 8. Na3 b5 9. Nd5 Be7 10. Bxf6 Bxf6 11. c4 b4 12. Nc2 O-O 13. Be2 a5 14.
O-O Bg5 15. Qd3 Be6 16. a3 Nb8 17. axb4 Nd7 18. bxa5 Nc5 19. Qa3 Nxe4 20. Rfd1 Nd2 21. Nce3 Ne4 22. Bf3 Nc5 23. b4 Nd7 24. b5 Nc5 25.
Nc3 Ra7 26. Ncd5 e4 27. Be2 f5 28. b6 Raf7 29. Nc2 f4 30. Nd4 f3 31. gxf3 Bh4 32. a6 Bxd5 33. cxd5 Bxf2+ 34. Kxf2 Qh4+ 35. Kg1 exf3 36. Bxf3 Rxf3 37. Nxf3 Qg4+ 38. Kh1 Rxf3 39. b7 Qe4 40.
b8=Q+ Rf8+ 41. Kg1 Rxb8 42. Qg3 Ra8 43. a7 Qe7 44. Re1 Qb7 45. Qxd6 Nd3 46. Qe6+ Kh8 47. Qe8+ 1-0

[Event "Early-Titled-Tuesday-Blitz-April-16-2024"]
[Site "Chess.com"]
[Date "2024.04.16"]
[Round "10"]
[White "michaelskie11"]
[Black "alpope"]
[Result "1-0"]
[WhiteElo "2402"]
[BlackElo "2509"]
[TimeControl "180+1"]
[EndTime "10:00:09 PDT"]
[Termination "michaelskie11 won by resignation"]

1. d4 g6 2. e4 Bg7 3. Nc3 d6 4. h3 a6 5. a4 b6 6. Nf3 Bb7 7. Bd3 Nd7 8. O-O e5 9. Be3 Ngf6 10.
Qd2 O-O 11. Rad1 Qe7 12. dxe5 dxe5 13. Bg5 Rfd8 14. Qe3 Nc5 15. Bc4 Qe8 16. Bxf6 Bxf6 17. Nd5 Bg7 18. Nxc7 Qe7 19. Nxa8 Rxa8 20. Bd5 Nxa4 21.
Qb3 b5 22. Bxb7 Qxb7 23. Rd5 Nb6 24. Rd6 Nc4 25. Rd5 Nb6 26. Rdd1 Qxe4 27. Qxf7+ Kxf7 28. Ng5+ Kg8 29. Nxe4 a5 30. Rd6 Nc4 31. Rd7 a4 32. b3 Na3 33. bxa4 bxa4 34. c3 Nc4 35. Rb1 a3 36.
Rbb7 Bh8 37. Ra7 Rb8 38. Rxh7 a2 39. Rxh8+ Kxh8 40. Rxa2 Kg7 41. Ra7+ Kh6 42. g4 g5 43. Ra6+ Kg7 44. Nxg5 Rb2 45. Ne4 Re2 46. f3 Ne3 47. h4 Nd5 48. h5 Nf4 49. h6+ Kh8 50. Ra8+ Kh7 51. Ra6 Rb2 52. Ng5+ Kg8 53. Ra8+ 1-0

[Event "Early-Titled-Tuesday-Blitz-April-16-2024"]
[Site "Chess.com"]
[Date "2024.04.16"]
[Round "10"]
[White "Josgar05"]
[Black "dontcatchmeifyoucant"]
[Result "0-1"]
[WhiteElo "2434"]
[BlackElo "2262"]
[TimeControl "180+1"]
[EndTime "10:00:09 PDT"]
[Termination "dontcatchmeifyoucant won on time"]

1. Nf3 Nf6 2. b3 e6 3. Bb2 d5 4. e3 c5 5. d4 Nc6 6. Be2 Be7 7.
O-O O-O 8. c4 cxd4 9. exd4 b6 10. Nc3 Bb7 11. Rc1 Rc8 12. Re1 Re8 13. Bf1 h6 14.
Ne5 dxc4 15. Nxc6 Bxc6 16. bxc4 Ba8 17. Qd3 Qd7 18. Red1 Red8 19. Qe3 Qb7 20. Qg3 Bf8 21. Rd2 Rd7 22. Re1 Rcd8 23. Qe3 Qb8 24. Red1 Bb4 25. f3 Bd6 26. g3 e5 27. Nb5 exd4 28. Bxd4 Bb4 29.
Rd3 a6 30. Nc3 Rxd4 31. Rxd4 Rxd4 32. Rxd4 Bc5 33. Na4 Bxd4 34. Qxd4 Bxf3 35. Qxb6 Qc8 36. Qf2 Bc6 37. Nb6 Qb7 38. c5 Ne4 39. Qd4 Qe7 40.
Bd3 Ng5 41. Kf1 Qe6 42. Qd8+ Be8 43. Qd5 Qf6+ 44. Kg1 Bc6 45. Qf5 Qd4+ 46. Qf2 Nh3+ 0-1

[Event "Early-Titled-Tuesday-Blitz-April-16-2024"]
[Site "Chess.com"]
[Date "2024.04.16"]
[Round "10"]
[White "ubdip"]
[Black "StelaSfw"]
[Result "1/2-1/2"]
[WhiteElo "2350"]
[BlackElo "1738"]
[TimeControl "180+1"]
[EndTime "10:00:09 PDT"]
[Termination "Game drawn by repetition"]

1. e4 d5 2. exd5 Qxd5 3. Nc3 Qa5 4. d4 Nf6 5. Nf3 Bg4 6. h3 Bh5 7. Be2 c6 8. O-O Nbd7 9. Bf4 O-O-O 10. Ne5 Nxe5 11. Bxe5 Bxe2 12. Qxe2 e6 13. a3 Bd6 14. b4 Qc7 15. f4 h6 16. Rad1 Rhg8 17.
Kh1 a6 18. Na4 Nd5 19. c4 Nf6 20. c5 Bxe5 21. dxe5 Rxd1 22. Rxd1 Nd5 23. g3 Re8 24. Kg2 f6 25. Re1 f5 26. Nb2 g5 27. fxg5 hxg5 28. Nc4 Rh8 29. Nd6+ Kd8 30. Qd2 Qh7 31. Rh1 f4 32. g4 Ne3+ 33. Kf3 Nd5 34. a4 Kc7 35. b5 axb5 36. axb5 Qh4 37. Qa5+ Kd7 38. bxc6+ bxc6 39. Qa7+ Nc7 40. Ke2 Qg3 41. Rd1 Qe3+ 42. Kf1 Qf3+ 43. Ke1 Qe3+ 44. Kf1 Qf3+ 45. Ke1 Qe3+ 46.
Kf1 1/2-1/2

[Event "Early-Titled-Tuesday-Blitz-April-16-2024"]
[Site "Chess.com"]
[Date "2024.04.16"]
[Round "10"]
[White "flawian2008"]
[Black "Root_21"]
[Result "0-1"]
[WhiteElo "2550"]
[BlackElo "2644"]
[TimeControl "180+1"]
[EndTime "10:00:11 PDT"]
[Termination "Root_21 won by resignation"]

1. d4 Nf6 2. c4 e6 3. Nf3 d5 4. g3 dxc4 5. Qa4+ Nbd7 6. Qxc4 a6 7. Qc2 b5 8. Bg2 Bb7 9. O-O Bd6 10. Nbd2 O-O 11. e4 e5 12. d5 c6 13. dxc6 Qc7 14.
Nb3 Bxc6 15. Rd1 Bxe4 16. Qxc7 Bxc7 17. Bg5 Rfe8 18. Rac1 Bb6 19. Bxf6 Nxf6 20. Nc5 Bc6 21. Rd6 Bxc5 22. Rxc6 Ba7 23. Ng5 Ng4 24. Bd5 Bxf2+ 25.
Kh1 Rf8 26. Rc7 Be3 27. Bxa8 Bxc1 28. Nxf7 Rxa8 29. Nd6 Bg5 30. Ne4 Bf6 31. h3 Ne3 32.
Nc5 Rd8 33. Kg1 Rd1+ 34. Kf2 Nc4 35. b3 Nd6 36. Nxa6 Rd2+ 37. Ke3 Rxa2 38. Rd7 Nf5+ 39.
Ke4 Rxa6 40. Kxf5 Ra3 41. Rd3 b4 42. g4 e4 43. Kxe4 Bc3 44. Rd8+ Kf7 45. Rd7+ Ke6 46. Rb7 Rxb3 47. h4 Rb1 48. h5 Rg1 49. Kf3 Kd5 50.
h6 gxh6 51. Rxh7 b3 0-1